 Dungeon Crawl Stone Soup version 0.24-a0-619-gb7544fd237 (webtiles) character file.

Game seed: 6063678123211257768, levelgen mode: deterministic

263 Jorund the Chopper (level 6, 35/37 HPs)
             Began as a Gargoyle Gladiator on Sept 17, 2019.
             Quit the game in a sewer.
             The game lasted 00:04:10 (1955 turns).

Jorund the Chopper (Gargoyle Gladiator)             Turns: 1955, Time: 00:04:11

Health: 35/37      AC:  7    Str: 19    XL:     6   Next: 19%
Magic:  6/6        EV: 18    Int:  9    God:
Gold:   164        SH:  0    Dex: 16    Spells: 5/5 levels left

rFire    . . .     SeeInvis .   a - +0 war axe
rCold    . . .     Gourm    .   (no shield)
rNeg     + . .     Faith    .   b - +0 leather armour
rPois    ∞         Spirit   .   c - +0 helmet
rElec    +         Reflect  .   (no cloak)
rCorr    .         Harm     .   (no gloves)
MR       +....                  (no boots)
Stlth    +++.......             (no amulet)
HPRegen  0.12/turn              i - ring of protection from magic
MPRegen  0.10/turn              k - ring of stealth

@: agile
A: deformed body, negative energy resistance 1, electricity resistance, wild
magic 1, unbreathing, petrification resistance, rot immunity, AC +4
a: no special abilities


You were in a sewer.
You were not hungry.

You visited 1 branch of the dungeon, and saw 3 of its levels.
You also visited: Sewer.

You collected 164 gold pieces.

Inventory:

Hand Weapons
 a - a +0 war axe (weapon)
Missiles
 d - 3 throwing nets (quivered)
Armour
 b - a +0 leather armour (worn)
 c - a +0 helmet (worn)
Jewellery
 i - a ring of protection from magic (left hand)
 k - a ring of stealth (right hand)
Scrolls
 e - 2 scrolls of amnesia {unknown}
 l - 4 scrolls of teleportation {unknown}
 n - a scroll of noise {unknown}
 o - a scroll of fear {unknown}
 r - a scroll of enchant armour {unknown}
 s - 2 scrolls of magic mapping {unknown}
 t - a scroll of remove curse {unknown}
Potions
 g - a potion of berserk rage {unknown}
 h - a potion of lignification
 p - 3 potions of heal wounds
 v - a potion of flight {unknown}
 w - a potion of curing {unknown}
 x - a potion of might {unknown}
Comestibles
 f - 5 rations


   Skills:
 + Level 3.2 Fighting
 + Level 5.3 Axes
 - Level 1.7 Throwing
 + Level 2.2 Armour
 - Level 2.4 Dodging


You had 5 spell levels left.
You didn't know any spells.
Your spell library was empty.

Dungeon Overview and Level Annotations

Branches:
Dungeon (3/15)              Sewer (1/1)

Altars:
Ashenzari

Annotations:
D:3 1 runed translucent door, jt's ghost, amateur MfSu


Innate Abilities, Weirdness & Mutations

You are resistant to torment.
Your stone body is resilient. (AC +4)
You are immune to poison.
You resist negative energy. (rN+)
You are resistant to electric shocks. (rElec)
You can survive without breathing.
You are immune to petrification.
You are immune to rotting.
Armour fits poorly on your strangely shaped body.
Your spells are a little harder to cast, but a little more powerful.


Message History

Found a scroll labeled BUPLIYSYRY, a falchion and 43 gold pieces.
Things that are here:
a +0 troll leather armour {Purgy}; the troll corpse of Purgy
s - 2 scrolls labeled XUSIER SURR (gained 1) All of the chunks of flesh in your inventory have rotted away.
You now have 108 gold pieces (gained 12).
You now have 126 gold pieces (gained 18).
You now have 142 gold pieces (gained 16).
e - 2 scrolls labeled BUPLIYSYRY (gained 1)
You now have 155 gold pieces (gained 13).
You now have 164 gold pieces (gained 9).
Things that are here:
a +0 troll leather armour {Purgy}; the troll corpse of Purgy
Found a gate leading back out of this place.
Your extra speed is starting to run out.
There is a gate leading back out of this place here.
You feel yourself slow down.
g - a metallic cyan potion Done exploring.
Are you sure you want to abandon this character and quit the game? (Confirm with "yes".)

##...## ##.## #.#
#.# ## #.# .## #.#
..# #.#
..####.###########
..[...........∩.@#
..################
..# .## ##


There were no monsters in sight!

Vanquished Creatures
  Purgy (Sewer)
  2 orc wizards (D:3)
  5 adders
  2 dart slugs
  A leopard gecko (D:1)
  2 orcs (D:3)
  4 giant cockroaches
  10 goblins
  6 hobgoblins
  8 jackals (D:2)
  A quokka (D:2)
  12 bats
  3 frilled lizards
  4 kobolds
  5 rats
66 creatures vanquished.

Notes
Turn   | Place    | Note
-------+----------+-------------------------------------------
     0 | D:1      | Jorund the Gargoyle Gladiator began the quest for the Orb.
     0 | D:1      | Reached XP level 1. HP: 12/12 MP: 1/1
   285 | D:1      | Reached skill level 3 in Axes
   301 | D:1      | Reached XP level 2. HP: 16/18 MP: 2/2
   466 | D:1      | Reached XP level 3. HP: 18/22 MP: 3/3
   774 | D:2      | Reached skill level 4 in Axes
   865 | D:2      | Reached XP level 4. HP: 26/27 MP: 4/4
  1462 | D:3      | Noticed jt's ghost (amateur MfSu)
  1466 | D:3      | Found a runed translucent door.
  1497 | D:3      | Found a shattered altar of Ashenzari.
  1508 | D:3      | Reached skill level 1 in Armour
  1539 | D:3      | Reached XP level 5. HP: 14/32 MP: 5/5
  1570 | D:3      | Found a glowing drain.
  1695 | Sewer    | Entered a sewer
  1880 | Sewer    | Gained mutation: Armour fits poorly on your strangely
                  | shaped body. [potion of mutation]
  1880 | Sewer    | Gained mutation: Your spells are a little harder to cast,
                  | but a little more powerful. [potion of mutation]
  1896 | Sewer    | Noticed Purgy
  1910 | Sewer    | Killed Purgy
  1910 | Sewer    | Reached skill level 5 in Axes
  1910 | Sewer    | Reached XP level 6. HP: 31/37 MP: 6/6
  1955 | Sewer    | Quit the game

Levels and vault maps discovered:
D:1:      nicolae_arrival_memento_mori, layout_basic
D:2:      layout_basic
D:3:      layout_loops_ring, nicolae_overflow_crystal_walls, old_standard_altar,
          gup_sewer_entry_glass, first_ration, hellmonk_ghost_happy_afterlife,
          uniq_ijyb
Sewer:    sewer_big_baddie

Skill      XL: |  1  2  3  4  5 |
---------------+----------------+-----
Axes           | 3 4 5 |  5.3
Armour         | 1 2 |  2.2
Fighting       | 3 |  3.2
Throwing       | |  1.7
Dodging        | |  2.4

Action                   |  1- 3 |  4- 6 || total
-------------------------+-------+-------++-------
Melee: War axe           |    84 |    92 ||   176
  Use: Potion            |       |     4 ||     4
       Scroll            |       |     3 ||     3
 Stab: Sleeping          |     1 |     5 ||     6
  Eat: Chunk             |       |     4 ||     4
Armor: Leather armour    |    62 |    68 ||   130
       Skin              |       |    25 ||    25
Dodge: Dodged            |    84 |    79 ||   163

Table legend:
 A = Non-vault XP
 B = Vault XP
 C = Vault XP percentage of total XP
 D = Non-vault monster count
 E = Vault monster count
 F = Vault count percentage of total count
                 A         B        C        D         E       F
            +---------+---------+-------+---------+---------+-------
      Total |     199 |     178 |  47.2 |      57 |       9 |  13.6
            +---------+---------+-------+---------+---------+-------
        D:1 |      46 |       0 |   0.0 |      25 |       0 |   0.0
        D:2 |      64 |       0 |   0.0 |      23 |       0 |   0.0
        D:3 |      89 |      39 |  30.5 |       9 |       3 |  25.0
      Sewer |       0 |     139 | 100.0 |       0 |       6 | 100.0
            +---------+---------+-------+---------+---------+-------
